 Dungeon Crawl Stone Soup version 0.20-a0-559-g0e9f149 (console) character file.

823 sorlin the Basher (level 7, -3/61 HPs)
             Began as a Minotaur Gladiator on Jan 8, 2017.
             Slain by a killer bee (4 damage)
             ... on level 5 of the Dungeon.
             The game lasted 00:26:58 (4289 turns).

sorlin the Basher (Minotaur Gladiator)              Turns: 4289, Time: 00:26:59

Health: -3/61      AC:  8    Str: 19    XL:     7   Next: 63%
Magic:  6/6        EV: 12    Int:  5    God:
Gold:   151        SH:  6    Dex: 13    Spells: 6/6 levels left

rFire  . . .     SeeInvis .     a - +0 flail
rCold  . . .     Gourm    .     j - +0 ring mail
rNeg   . . .     Faith    .     (no shield)
rPois  .         Spirit   .     c - +1 hat
rElec  .         Reflect  +     h - +0 cloak
rCorr  .         Harm     .     (no gloves)
MR     .....                    (no boots)
Stlth  +.........               r - +6 amulet of reflection
                                (no ring)
                                v - ring of wizardry

@: lethally poisoned (-3 -> -14), flying
A: retaliatory headbutt, horns 2
a: no special abilities


You were on level 5 of the Dungeon.
You were not hungry.

You visited 1 branch of the dungeon, and saw 5 of its levels.

You collected 151 gold pieces.


Innate Abilities, Weirdness & Mutations

You reflexively headbutt those who attack you in melee.
You have a pair of horns on your head.


   Skills:
 - Level 5.0 Fighting
 + Level 8.5 Maces & Flails
 - Level 2.0 Throwing
 - Level 5.0 Armour
 + Level 3.3 Dodging


You had 6 spell levels left.
You didn't know any spells.

Inventory:

Hand Weapons
 a - a +0 flail (weapon)
 b - a +0 hunting sling
Missiles
 d - 6 throwing nets
 k - 123 stones
 s - 9 sling bullets
 x - 11 tomahawks (quivered)
Armour
 c - a +1 hat (worn)
 e - a +0 plate armour
 h - a +0 cloak (worn)
 j - a +0 ring mail (worn)
Jewellery
 r - a +6 amulet of reflection (around neck)
 v - a ring of wizardry (left hand)
Wands
 y - a wand of flame (22/48)
Scrolls
 g - a scroll of fear {unknown}
 i - a scroll of enchant armour
 l - a scroll of fog {unknown}
 m - a scroll of teleportation {!r}
 n - a scroll of magic mapping {unknown}
 p - a scroll of recharging {unknown}
 t - a scroll of remove curse
 w - a scroll of enchant weapon {unknown}
 z - 2 scrolls of amnesia {unknown}
 B - a scroll of immolation {unknown}
Potions
 C - a potion of degeneration {unknown}
Comestibles
 f - 4 bread rations {!e}
 q - 3 meat rations {!e}


Message History

The killer bee stings you but does no damage.
You take 1 damage.
You miss the killer bee.
The killer bee is severely wounded.
You feel sick. The killer bee barely misses you.
You block the killer bee's attack.
You take 1 damage.
You barely miss the killer bee.
The killer bee is severely wounded.
You feel sick. You block the killer bee's attack. The killer bee stings you.
* * * LOW HITPOINT WARNING * * *
You are more poisoned.
The killer bee poisons you!
You take 4 damage.
You miss the killer bee.
The killer bee is severely wounded.
You feel sick. The killer bee closely misses you. x2
You take 2 damage.
You closely miss the killer bee.
You headbutt the killer bee, but do no damage.
The killer bee is severely wounded.
You feel sick. The killer bee stings you!
* * * LOW HITPOINT WARNING * * *
The killer bee stings you.
* * * LOW HITPOINT WARNING * * *
You take 9 damage.
You barely miss the killer bee.
The killer bee is severely wounded.
You feel sick. The killer bee barely misses you.
You block the killer bee's attack.
You take 2 damage.
Okay, then.
Okay, then.
Unknown command.
You miss the killer bee.
The killer bee is severely wounded.
You feel sick. You block the killer bee's attack.
The killer bee barely misses you.
You closely miss the killer bee.
The killer bee is severely wounded.
You feel sick. The killer bee stings you.
* * * LOW HITPOINT WARNING * * *
The killer bee stings you.
* * * LOW HITPOINT WARNING * * *
You take 8 damage.
It was a potion of flight.
You feel very buoyant.
You fly up into the air.
* * * LOW HITPOINT WARNING * * *
You feel sick. The killer bee stings you!
* * * LOW HITPOINT WARNING * * *
The killer bee stings you.
You die...

#.#######.###.#.#.#..#...........
#.............#.#.#..#.)######...
#########.#######.#..#<..........
#.# ..#..##.......... #.#
###..###########. #.# #y.) . #.#
##.## #.# ... #.# #.#######
#.#########........
#.......@yO........
###################


You could see an ogre and a killer bee.

Vanquished Creatures
  A water moccasin (D:5)
  An ogre (D:4)
  The ghost of Dingbat the Chopper, an amateur MiSk (D:4)
  A scorpion (D:4)
  The ghost of Dingbat the Chopper, a weakling MiSk (D:3)
  A howler monkey (D:4)
  A crimson imp (D:5)
  2 orc wizards (D:5)
  3 orc priests
  A worker ant (D:4)
  A worker ant zombie (D:5)
  Robin (D:3)
  4 gnolls (D:5)
  5 adders
  2 oozes
  3 worms
  2 leopard geckos
  10 orcs
  6 giant cockroaches
  18 goblins
  8 hobgoblins
  4 jackals (D:3)
  3 quokkas
  2 ball pythons
  3 bats
  2 frilled lizards
  5 kobolds
  4 rats
96 creatures vanquished.

Notes
Turn   | Place    | Note
-------+----------+-------------------------------------------
     0 | D:1      | sorlin the Minotaur Gladiator began the quest for the Orb.
     0 | D:1      | Reached XP level 1. HP: 18/18 MP: 0/0
   127 | D:1      | Reached skill level 4 in Maces & Flails
   300 | D:1      | Reached XP level 2. HP: 25/25 MP: 1/1
   839 | D:2      | Reached skill level 5 in Maces & Flails
   991 | D:2      | Reached XP level 3. HP: 30/30 MP: 2/2
  1122 | D:2      | Reached skill level 3 in Fighting
  1425 | D:3      | Reached XP level 4. HP: 34/38 MP: 3/3
  1453 | D:3      | Noticed Dingbat's ghost (weakling MiSk)
  1503 | D:3      | Killed Dingbat's ghost
  1529 | D:3      | Reached skill level 4 in Fighting
  1529 | D:3      | Reached skill level 6 in Maces & Flails
  1529 | D:3      | Reached XP level 5. HP: 38/46 MP: 4/4
  1718 | D:3      | Noticed Robin
  2074 | D:3      | Killed Robin
  2082 | D:3      | Noticed Grinder
  2095 | D:3      | Paralysed by Grinder for 6 turns
  2236 | D:4      | Reached skill level 5 in Fighting
  2400 | D:4      | Noticed Dingbat's ghost (amateur MiSk)
  2431 | D:4      | Noticed an ogre
  2760 | D:4      | Reached XP level 6. HP: 56/56 MP: 5/5
  2799 | D:3      | Reached skill level 1 in Armour
  2922 | D:3      | Noticed Natasha
  3093 | D:4      | Reached skill level 7 in Maces & Flails
  3093 | D:4      | Reached skill level 2 in Armour
  3177 | D:4      | Killed Dingbat's ghost
  3177 | D:4      | Reached skill level 3 in Armour
  3286 | D:4      | Reached XP level 7. HP: 52/61 MP: 6/6
  3679 | D:5      | Entered Level 5 of the Dungeon
  3953 | D:5      | Reached skill level 8 in Maces & Flails
  3953 | D:5      | Reached skill level 4 in Armour
  4204 | D:5      | Reached skill level 5 in Armour
  4234 | D:5      | Found a white marble altar of Elyvilon.
  4286 | D:5      | HP: 17/61 [poisoned by a killer bee]
  4289 | D:5      | HP: 8/61 [poisoned by a killer bee]
  4289 | D:5      | HP: 1/61 [killer bee (7)]
  4289 | D:5      | Slain by a killer bee

Vault maps used:
D:1:      mrwooster_arrival_statue, st_stairs_9, minmay_misc_feat_pillars
D:3:      kennysheep_goblin_castle, minmay_unequal, uniq_grinder, uniq_natasha,
          uniq_robin
D:4:      minivault_14
D:5:      nicolae_overflow_crystal_walls, serial_shops,
          nicolae_shop_overgrown_old_shop, first_bread

Action                   |  1- 3 |  4- 6 |  7- 9 || total
-------------------------+-------+-------+-------++-------
Melee: Flail             |    20 |    75 |    43 ||   138
       Headbutt          |     2 |    13 |     9 ||    24
       Unarmed           |       |       |    11 ||    11
 Fire: Hunting sling     |    62 |    46 |    17 ||   125
Throw: Throwing net      |     4 |       |       ||     4
       Tomahawk          |     5 |    19 |     4 ||    28
       Stone             |       |     2 |       ||     2
Evoke: Wand              |       |     1 |       ||     1
  Use: Scroll            |       |     6 |     1 ||     7
       Potion            |       |     3 |     2 ||     5
 Stab: Invisible         |       |     2 |       ||     2
  Eat: Chunk             |     1 |     6 |     3 ||    10
Armor: Leather armour    |     7 |    10 |       ||    17
       Ring mail         |       |     6 |     5 ||    11
       Skin              |       |       |    23 ||    23
Dodge: Dodged            |    25 |    56 |    21 ||   102
Block: Other             |       |     2 |    26 ||    28
